 Dungeon Crawl Stone Soup version 0.31-a0-339-gda1cbd555d (webtiles) character file.

Game seed: 8462827520324184293

200 Newt the Slasher (level 5, -1/43 HPs)
             Began as a Merfolk Fighter on July 20, 2023.
             Slain by an ogre
             ... wielding a +0 giant spiked club
              (21 damage)
             ... on level 4 of the Dungeon.
             The game lasted 00:02:40 (2665 turns).

Newt the Slasher (Merfolk Fighter)                  Turns: 2665, Time: 00:02:40

Health: -1/43      AC:  7    Str: 16    XL:     5   Next: 78%
Magic:  0/5        EV: 10    Int:  7    God:
Gold:   229        SH:  6    Dex: 16    Spells: 4/4 levels left

rFire   + . .        a - +0 long sword
rCold   . . .        c - +1 buckler
rNeg    . . .        b - +0 scale mail
rPois   .            (no helmet)
rElec   .            (no cloak)
rCorr   .            p - +0 pair of gloves
SInv    .            (no boots)
Will    .....        m - amulet of guardian spirit Stlth
                     g - ring of protection from fire
HPRegen 0.27/turn    (no ring)
MPRegen 0.09/turn

%: guardian spirit
@: no status effects
A: (nimble swimmer 2), mertail
a: no special abilities


You were on level 4 of the Dungeon.
You visited 1 branch of the dungeon, and saw 4 of its levels.

You collected 229 gold pieces.

Inventory:

Hand Weapons
 a - a +0 long sword (weapon)
Missiles
 i - a poisoned dart
Armour
 b - a +0 scale mail (worn)
 c - a +1 buckler (worn)
 p - a +0 pair of gloves (worn)
Jewellery
 g - a ring of protection from fire (left hand)
 m - an amulet of guardian spirit (around neck)
 n - an amulet of regeneration
Scrolls
 j - a scroll of enchant armour
 l - a scroll of fog
Potions
 d - a potion of might
 e - 4 potions of heal wounds
 f - 3 potions of lignification
 h - a potion of haste {unknown}
 k - a potion of curing
 o - a potion of degeneration {unknown}


   Skills:
 + Level 4.8 Fighting
 - Level 5.0 Long Blades
 - Level 2.1 Armour
 - Level 3.0 Dodging
 - Level 3.0 Shields


You had 4 spell levels left.
You didn't know any spells.
Your spell library contained the following spells:

 Spells                   Type           Power      Damage    Failure   Level
 Summon Ice Beast         Ice/Summ       0%         N/A       100%        4
 Summon Mana Viper        Hex/Summ       0%         N/A       100%        5
 Monstrous Menagerie      Summ           0%         N/A       100%        7


Dungeon Overview and Level Annotations

Branches:
Dungeon (4/15)
 Temple: D:4-7

Altars:


Innate Abilities, Weirdness & Mutations

((You are very nimble when in or above water. (Stealth+, EV+, Speed+++)))
Your lower body shifts to a powerful aquatic tail in water.


Message History

The ogre shouts!
You hear an angry hiss.
An ogre is nearby!
An ogre is nearby!
An iguana comes into view.
You see here an adder corpse.
Okay, then.
Throw: 3 darts (poison)
Press: ? - help, Shift-Dir - straight line, f - ogre
Aim: an ogre, wielding a +0 giant spiked club (74% to hit)
You throw a poisoned dart. The poisoned dart hits the ogre.
The ogre is poisoned.
Unknown command.
Throw: 2 darts (poison)
Press: ? - help, Shift-Dir - straight line, f/p - ogre
Aim: an ogre, wielding a +0 giant spiked club (lightly wounded, poisoned, 74% to hit)
You throw a poisoned dart. The poisoned dart hits the ogre.
The ogre is lightly wounded.
Unknown command.
You hit the ogre.
The ogre is moderately wounded.
The ogre closely misses you.
You barely miss the ogre.
The ogre is moderately wounded.
You barely miss the ogre.
The ogre is moderately wounded.
The ogre hits you with a +0 giant spiked club!
You hit the ogre.
The ogre is heavily wounded.
The ogre looks more healthy.
The ogre hits you with a +0 giant spiked club!
You slash the ogre!
The ogre is almost dead.
The ogre closely misses you.
You hit the ogre.
The ogre is almost dead.
You block the ogre's attack.
You barely miss the ogre.
The ogre is almost dead.
The ogre hits you with a +0 giant spiked club!!
You die...

####### ## #.....# .## ##.###.#
..#######...##.# ............##.#
#...# ..#######...##.#### #...#
### ###.....@.# #...#####
##########.##.##O# #...#...
#.......##.##.##l######...#.####
#.......##>...##.(.O............
##....>..##...).........l........
.#.......##...###.......†........
.#.......##<......#####>..[#.....
.#######.###..##### #....#.##..
)# #.# #..### #†...#.##..


You could see an ogre and an iguana.

Vanquished Creatures
  A phantom (D:4)
  A sleepcap (D:3)
  4 adders
  A dart slug (D:1)
  2 orcs
  4 bats
  2 endoplasms (D:1)
  6 giant cockroaches
  5 goblins
  8 hobgoblins
  A quokka (D:4)
  7 ball pythons
  2 frilled lizards (D:1)
  3 kobolds
  6 rats
53 creatures vanquished.

Notes
Turn   | Place    | Note
-------+----------+-------------------------------------------
     0 | D:1      | Newt the Merfolk Fighter began the quest for the Orb.
     0 | D:1      | Reached XP level 1. HP: 18/18 MP: 1/1
   140 | D:1      | Reached XP level 2. HP: 25/25 MP: 2/2
   171 | D:1      | Reached skill level 1 in Dodging
   360 | D:1      | Reached XP level 3. HP: 30/30 MP: 3/3
  1547 | D:3      | Reached skill level 3 in Long Blades
  1547 | D:3      | Reached XP level 4. HP: 14/37 MP: 1/4
  1921 | D:3      | Reached skill level 4 in Long Blades
  2200 | D:4      | Noticed a phantom
  2237 | D:4      | Killed a phantom
  2238 | D:4      | Reached skill level 5 in Long Blades
  2238 | D:4      | Reached XP level 5. HP: 18/43 MP: 0/5
  2639 | D:4      | Noticed an ogre
  2665 | D:4      | Slain by an ogre

Illustrated notes

Levels and vault maps discovered:
D:1:      eino_arrival_cavern_a, layout_rooms, chequers_serial_rivers_marsh
D:2:      layout_basic
D:3:      layout_loops_cross
D:4:      layout_loops_cross, chequers_temple_overflow_minitemple,
          jmf_multi_god_temple2

Skill      XL: |  1  2  3  4 |
---------------+-------------+-----
Fighting       | 4 |  4.8
Dodging        | 2 3 |  3.0
Long Blades    | 3 5 |  5.0
Armour         | |  2.1
Shields        | |  3.0

Action                     |  1- 3 |  4- 6 || total
---------------------------+-------+-------++-------
  Melee: Long sword        |    94 |    92 ||   186
  Throw: Dart              |       |     2 ||     2
    Use: Scroll            |     6 |     4 ||    10
         Potion            |       |     1 ||     1
 Armour: Scale mail        |    29 |    34 ||    63
  Dodge: Dodged            |    39 |    35 ||    74
  Block: Buckler           |    23 |    31 ||    54

Table legend: (Time is in decaauts)
 A = Elapsed time spent in this place.
 B = Non-inter-level travel time spent in this place.
 C = Inter-level travel time spent in this place.
 D = Time resting spent in this place.
 E = Time spent auto-exploring this place.
 F = Levels seen in this place.
 G = Mean time per level.
                   A        B        C        D        E       F      G
               +--------+--------+--------+--------+--------+-----+--------+
         Total |   2713 |   2625 |     88 |    459 |   1692 |   4 |  678.2 |
       Dungeon |   2713 |   2625 |     88 |    459 |   1692 |   4 |  678.2 |
               +--------+--------+--------+--------+--------+-----+--------+

Top non-repeatable levels by time:
     D:3: 914 daAuts
     D:2: 788 daAuts
     D:1: 533 daAuts
     D:4: 477 daAuts
